 Dungeon Crawl Stone Soup version 0.30-a0-1074-g5db6f66fbb (webtiles) character file.

Game seed: 11400125888045142488

6443 BlueFish the Covert (level 10, -1/69 HPs)
             Began as an Octopode Fighter on Apr 13, 2023.
             Was an Elder of Cheibriados.
             Killed from afar by an acid dragon (37 damage)
             ... with a splash of acid
             ... on level 10 of the Dungeon.
             The game lasted 00:26:10 (8950 turns).

BlueFish the Covert (Octopode Fighter)              Turns: 8950, Time: 00:26:11

Health: -1/69      AC:  4    Str: 28    XL:     10   Next: 99%
Magic:  13/13      EV: 18    Int: 19    God:    Cheibriados [****..]
Gold:   626        SH: 19    Dex: 28    Spells: 9/12 levels left

rFire   . . .      SeeInvis .    d - +1 flail (protect)
rCold   . . .      Faith    .    y - +1 kite shield
rNeg    + . .      Spirit   .    (helmet restricted)
rPois   .          Reflect  +    k - amulet of reflection
rElec   .          Rampage  .    q - +6 ring of dexterity
rCorr   .                        J - ring of positive energy
Will    .....                    (no ring)
Stlth   +++++++                  (no ring)
HPRegen 0.31/turn                (no ring)
MPRegen 0.13/turn                (no ring)
                                 (no ring)
                                 (no ring)

@: corroded, under a protective aura, studying Polearms, very slow
A: almost no armour, amphibious, 8 rings, camouflage 1, gelatinous body 1,
(nimble swimmer 1), tentacles
a: Renounce Religion, Bend Time, Temporal Distortion, Slouch


You were on level 10 of the Dungeon.
You worshipped Cheibriados.
Cheibriados was greatly pleased with you.
You visited 2 branches of the dungeon, and saw 11 of its levels.
You also visited: Bailey.

You collected 626 gold pieces.

Inventory:

Hand Weapons
 a - a +0 flail
 d - a +1 flail of protection (weapon)
 i - a +0 mace
 u - a +0 morningstar of protection
 L - a +1 heavy great mace
 M - a +4 vampiric flail
Missiles
 f - 99 stones (quivered)
 o - 4 atropa-tipped darts
 w - 20 poisoned darts
 z - a boomerang of dispersal
 D - 7 curare-tipped darts
Armour
 b - a +0 buckler
 y - a +1 kite shield (worn)
Jewellery
 k - an amulet of reflection (around mantle)
 q - a +6 ring of dexterity (left tentacle)
 J - a ring of positive energy (right tentacle)
Wands
 s - a wand of iceblast (14)
 E - a wand of flame (18)
Scrolls
 m - 3 scrolls of blinking
 p - a scroll of magic mapping
 t - 4 scrolls of enchant weapon
 v - a scroll of vulnerability {unknown}
 x - a scroll of acquirement {unknown}
 A - a scroll of silence {unknown}
 B - a scroll of noise {unknown}
 C - a scroll of poison {unknown}
 I - 2 scrolls of immolation
 K - 2 scrolls of enchant armour
 N - a scroll of fear {unknown}
 P - a scroll of teleportation {unknown}
 Q - a scroll of amnesia {unknown}
Potions
 c - 2 potions of might
 e - 9 potions of curing
 g - 2 potions of berserk rage
 h - a potion of flight
 j - a potion of magic
 l - a potion of mutation
 n - a potion of attraction
 r - 3 potions of lignification
 F - a potion of heal wounds
 H - a potion of resistance
 O - a potion of brilliance {unknown}
Miscellaneous
 G - a lightning rod (4/4)


   Skills:
 + Level 6.4 Fighting
 + Level 5.9 Maces & Flails
 + Level 5.4 Throwing
 + Level 6.4 Dodging
 * Level 11.2 Stealth
 + Level 6.3 Shields
 + Level 1.5 Spellcasting
 + Level 1.8 Translocations
 + Level 1.6 Air Magic
 + Level 4.1 Invocations
 + Level 4.0 Evocations


You had 9 spell levels left.
You knew the following spells:

 Your Spells              Type           Power      Damage    Failure   Level
a - Vhi's Electric Charg  Tloc/Air       16%        N/A       56%         3

Your spell library contained the following spells:

 Spells                   Type           Power      Damage    Failure   Level
 Shock                    Conj/Air       16%        1d4       34%         1
 Swiftness                Air            7%         N/A       58%         3
 Inner Flame              Hex/Fire       1%         N/A       82%         3
 Airstrike                Air            3%         2d(1-17)  94%         4
 Flame Wave               Conj/Fire      1%         2d4       99%         4
 Sticky Flame             Conj/Fire      1%         2d3       99%         4
 Arcjolt                  Conj/Air       2%         1d12      100%        5
 Malign Gateway           Summ/Tloc      2%         N/A       100%        7
 Maxwell's Capacitive Co  Air            3%         ∞         100%        8
 Summon Horrible Things   Summ           0%         N/A       100%        8


Dungeon Overview and Level Annotations

Branches:
Dungeon (10/15)            Temple (1/1) D:6            Lair (0/5) D:8
    Orc (0/2) D:9          Bailey (visited)

Altars:
Ashenzari
Cheibriados
Fedhas
Kikubaaqudgha
Nemelex Xobeh
Okawaru
Sif Muna
Trog
Uskayaw
Vehumet
Xom
Zin

Shops:
D:5 ==

Annotations:
D:2 1 runed translucent door, Crazy Yiuf
D:6 1 runed translucent door, coolio's ghost, novice HuFi


Innate Abilities, Weirdness & Mutations

You cannot wear most types of armour.
You are amphibious.
You can wear up to eight rings at the same time.
Your skin changes colour to match your surroundings (Stealth+).
Your rubbery body absorbs attacks. (AC +1, EV +1)
((You are camouflaged when in or above water. (Stealth+)))
You have tentacles for arms and can constrict up to eight enemies at once.


Message History

You constrict the wolf. You block the wolf's attack.
The wolf bites you but does no damage.
You sock the wolf!
You kill the wolf!
Cheibriados thoroughly appreciates the change of pace.
You start resting.
You are no longer corroded.
You start resting.
HP restored.
You climb upwards.
The wolf closely misses you. The acid dragon spits acid at you.
The splash of acid hits you!! The acid corrodes you!
You block the wolf's attack.
You hear a howl!
There is a stone staircase leading down here.
The wolf bites you. You block the wolf's attack.
You block the acid dragon's attack. The acid dragon misses you.
You climb downwards.
There is a stone staircase leading up here.
You hit the acid dragon.
Your weapon exudes an aura of protection.
The acid dragon is lightly wounded.
You block the wolf's attack. The wolf misses you. The acid dragon misses you.
The acid dragon barely misses you.
You thump the acid dragon!
The acid dragon is heavily wounded.
You block the wolf's attack. The acid dragon bites you.
The acid dragon claws you. The wolf bites you.
You barely miss the acid dragon. You squeeze the acid dragon.
The acid dragon is severely wounded.
The wolf completely misses you. You block the acid dragon's attack.
The acid dragon claws you. The wolf barely misses you.
You barely miss the acid dragon.
The acid dragon is severely wounded.
The wolf barely misses you. The acid dragon closely misses you.
You block the acid dragon's attack. You block the wolf's attack.
The acid dragon spits acid at you. The splash of acid hits you!!!
Ouch! That really hurt!
You die...

.... ... ...#
#... ... ...
..# ..# ##. #..
..# ....#.. ..#
......D#..####
......†@h....#
...........#...
..#........#
###......#
#.....##
##/..## ##.##
###


You could see an acid dragon (catching breath) and a wolf.

Vanquished Creatures
  A two-headed ogre (D:7)
  An orc knight (Bailey)
  A komodo dragon (D:8)
  A wyvern (D:8)
  2 steam dragons (D:7)
  Menkaure (D:5)
  2 water moccasins
  Duvessa (D:5)
  13 orc warriors
  A sky beast (D:7)
  A black bear (D:5)
  An ice beast (D:7)
  6 centaurs
  A wolf (D:10)
  4 kobold brigands
  2 gnoll sergeants
  2 bullfrogs
  3 scorpions
  Dowan (D:5)
  3 killer bees (D:8)
  2 howler monkeys
  3 jellies
  7 hounds
  2 sleepcaps (D:5)
  4 orc priests
  Ijyb (D:5)
  4 iguanas
  10 orc wizards
  23 gnolls
  5 adders
  An ufetubus (D:7)
  3 worms (D:4)
  53 orcs
  3 endoplasms
  2 giant cockroaches
  5 goblins
  8 hobgoblins
  13 jackals
  26 kobolds
  3 quokkas
  3 ball pythons
  4 bats
  4 frilled lizards
237 creatures vanquished.

Vanquished Creatures (others)
  An orc (D:7)
  4 fungi (D:8)
  4 plants (D:8)
  4 toadstools (D:5)
13 creatures vanquished.

Grand Total: 250 creatures vanquished

Notes
Turn   | Place    | Note
-------+----------+-------------------------------------------
     0 | D:1      | BlueFish the Octopode Fighter began the quest for the Orb.
     0 | D:1      | Reached XP level 1. HP: 16/16 MP: 1/1
   157 | D:1      | Reached skill level 1 in Stealth
   349 | D:1      | Reached XP level 2. HP: 21/21 MP: 2/2
   642 | D:1      | Found a hide-covered altar of Uskayaw.
   801 | D:2      | Reached skill level 2 in Stealth
   877 | D:2      | Reached XP level 3. HP: 26/26 MP: 3/3
  1007 | D:2      | Found a runed translucent door.
  1008 | D:2      | Noticed Crazy Yiuf
  1178 | D:2      | You fall into a shaft and drop 2 floors!
  1203 | D:4      | Reached skill level 1 in Throwing
  1211 | D:4      | Noticed a water moccasin
  1284 | D:4      | Reached XP level 4. HP: 16/31 MP: 4/4
  1558 | D:4      | Found a shimmering blue altar of Sif Muna.
  1599 | D:4      | Reached skill level 3 in Stealth
  1663 | D:4      | Reached XP level 5. HP: 13/36 MP: 5/5
  2424 | D:3      | Found an ancient bone altar of Kikubaaqudgha.
  2596 | D:3      | Reached skill level 4 in Stealth
  2596 | D:3      | Reached XP level 6. HP: 35/42 MP: 6/6
  2782 | D:3      | Identified the +6 quarterstaff "Rass" {flame, Str+2 Dex+3}
  3294 | D:3      | Reached skill level 5 in Stealth
  3336 | D:3      | Reached XP level 7. HP: 47/47 MP: 7/7
  4079 | D:4      | Reached skill level 6 in Stealth
  4226 | D:5      | Entered Level 5 of the Dungeon
  4235 | D:5      | Noticed Menkaure
  4432 | D:5      | Noticed Dowan
  4433 | D:5      | Noticed Duvessa
  4439 | D:5      | Killed Dowan
  4445 | D:5      | Killed Duvessa
  4446 | D:5      | Reached XP level 8. HP: 14/54 MP: 8/8
  4846 | D:5      | Reached skill level 7 in Stealth
  4857 | D:5      | Found Luskegos's Jewellery Shop.
  5083 | D:5      | Found Afeehad's Jewellery Shoppe.
  5083 | D:5      | Noticed Ijyb
  5096 | D:5      | Killed Ijyb
  5499 | D:5      | Killed Menkaure
  5649 | D:6      | Reached skill level 5 in Dodging
  5653 | D:6      | Reached skill level 8 in Stealth
  5663 | D:6      | Reached skill level 5 in Fighting
  5695 | D:6      | Found a staircase to the Ecumenical Temple.
  5704 | D:6      | Reached skill level 5 in Shields
  5744 | Temple   | Entered the Ecumenical Temple
  5762 | Temple   | Became a worshipper of Cheibriados the Contemplative
  5877 | D:6      | Reached XP level 9. HP: 43/61 MP: 9/9
  5960 | D:6      | Found a glowing silver altar of Zin.
  6022 | D:6      | Reached skill level 1 in Invocations
  6022 | D:6      | Reached skill level 1 in Evocations
  6122 | D:6      | Found a runed translucent door.
  6123 | D:6      | Noticed coolio's ghost (novice HuFi)
  6385 | D:6      | Identified the +4 morningstar "Eskoepeg" {venom, rC- Will+
                  | Str+8 Int-3}
  6462 | D:7      | Noticed a two-headed ogre
  6483 | D:7      | Killed a two-headed ogre
  6484 | D:7      | Reached skill level 9 in Stealth
  6521 | D:7      | Found a flagged portal.
  6530 | Bailey   | Entered a bailey
  6552 | Bailey   | Reached skill level 5 in Maces & Flails
  6615 | Bailey   | Reached * piety under Cheibriados
  6742 | Bailey   | Reached skill level 10 in Stealth
  6742 | Bailey   | Reached XP level 10. HP: 68/68 MP: 12/12
  6828 | Bailey   | Noticed an orc knight
  6836 | Bailey   | Killed an orc knight
  6837 | Bailey   | Reached skill level 5 in Throwing
  7086 | D:7      | Reached ** piety under Cheibriados
  7096 | D:7      | Learned a level 3 spell: Vhi's Electric Charge
  7453 | D:7      | Reached skill level 1 in Translocations
  7453 | D:7      | Reached skill level 1 in Air Magic
  7695 | D:7      | Reached *** piety under Cheibriados
  7696 | D:7      | Reached skill level 1 in Spellcasting
  8008 | D:8      | Reached skill level 11 in Stealth
  8395 | D:8      | Found a staircase to the Lair.
  8404 | D:8      | Reached **** piety under Cheibriados
  8818 | D:9      | Found a staircase to the Orcish Mines.
  8832 | D:10     | Entered Level 10 of the Dungeon
  8950 | D:10     | Killed from afar by an acid dragon

Illustrated notes

Levels and vault maps discovered:
D:1:      dpeg_arrival_water_altar, layout_loops_ring
D:2:      layout_basic, grunt_decor_mini_mirrors, minmay_misc_feat_enclosed,
          uniq_crazy_yiuf_cottage
D:3:      lemuel_castle_with_subvaults [lemuel_castle_interior_carwin_1],
          layout_loops_ring, nicolae_kikubaaqudgha_miasma_corner,
          grunt_ministairs_13
D:4:      layout_loops_ring, kennysheep_orc_sif_temple
D:5:      layout_basic, serial_shops, nicolae_take_the_stairs,
          minmay_shop_enchanted_jewellery, minmay_gold_behind_fungi, uniq_ijyb,
          uniq_menkaure, uniq_duvessa
D:6:      layout_basic, mainiacjoe_overflow_alcove_2, minmay_temple_entry_waves,
          ebering_ghost_inner_flame, st_stairs_12
D:7:      layout_rooms, enter_bailey_2, minmay_manual_mares
D:8:      minmay_flawed_box, layout_gridville, david_lair_shrubbed, hex_large,
          dreamdust_mushroom_princess
D:9:      layout_loops_ring, jmf_multi_god_temple2, orc_0_dummy, minmay_puff,
          uniq_grum
D:10:     layout_cave_pools, general_overflow_altar,
          gammafunk_temple_overflow_wave, pdpol_wu_jian_five_deadly_venoms
Temple:   nicolae_temple_god_jail

Skill      XL: |  1  2  3  4  5  6  7  8  9 10 |
---------------+-------------------------------+-----
Stealth        | 1 2 3 4 5 6 8 10 11 | 11.2
Throwing       | 1 2 3 4 5 |  5.4
Maces & Flails | 3 4 5 |  5.9
Dodging        | 4 5 6 |  6.4
Fighting       | 4 5 6 |  6.4
Shields        | 4 5 6 |  6.3
Invocations    | 2 4 |  4.1
Evocations     | 2 4 |  4.0
Translocations | 1 |  1.8
Air Magic      | 1 |  1.6
Spellcasting   | 1 |  1.5

Action                     |  1- 3 |  4- 6 |  7- 9 | 10-12 || total
---------------------------+-------+-------+-------+-------++-------
  Melee: Flail             |    17 |       |   169 |   174 ||   360
         Constrict         |    11 |    41 |    57 |    36 ||   145
         Tentacles         |     8 |    30 |    49 |    46 ||   133
         Mace              |    22 |   118 |     3 |       ||   143
         Punch             |       |       |     4 |     2 ||     6
  Throw: Dart              |       |     2 |    10 |       ||    12
         Stone             |       |     1 |     2 |     1 ||     4
    Use: Scroll            |       |       |    11 |     5 ||    16
         Potion            |       |       |     1 |     1 ||     2
   Stab: Sleeping          |     3 |    10 |    11 |    17 ||    41
         Distracted        |       |     2 |       |       ||     2
         Invisible         |       |       |     1 |       ||     1
 Armour: Skin              |     5 |     1 |    17 |    30 ||    53
  Dodge: Dodged            |    16 |    32 |    57 |   112 ||   217
  Block: Buckler           |    15 |    38 |     4 |       ||    57
         Reflection        |       |     2 |    12 |     7 ||    21
         Kite shield       |       |       |   126 |   209 ||   335

Table legend: (Time is in decaauts)
 A = Elapsed time spent in this place.
 B = Non-inter-level travel time spent in this place.
 C = Inter-level travel time spent in this place.
 D = Time resting spent in this place.
 E = Time spent auto-exploring this place.
 F = Levels seen in this place.
 G = Mean time per level.
                   A        B        C        D        E       F      G
               +--------+--------+--------+--------+--------+-----+--------+
         Total |  10022 |   9582 |    440 |    270 |   6848 |  12 |  835.2 |
       Dungeon |   9430 |   9007 |    423 |    270 |   6466 |  10 |  943.0 |
        Temple |     36 |     19 |     17 |      0 |      6 |   1 |   36.0 |
        Bailey |    555 |    555 |      0 |      0 |    375 |   1 |  555.0 |
               +--------+--------+--------+--------+--------+-----+--------+

Top non-repeatable levels by time:
     D:3: 1424 daAuts
     D:8: 1407 daAuts
     D:5: 1379 daAuts
     D:4: 1258 daAuts
     D:7: 1175 daAuts
     D:6: 910 daAuts
     D:2: 885 daAuts
     D:1: 772 daAuts
  Bailey: 555 daAuts
    D:10: 117 daAuts
     D:9: 99 daAuts
  Temple: 36 daAuts
